AoeStats
← ZamSerg

MegaRandom

506296196Analyzed
4v4 RM · 19d ago on Sep 13, 2026· 70m 38s· 8 players
Game mode
Random Map
Map size
Large (8 player)
Population
200
Speed
Normal
Resources
Standard
Victory
Conquest
Starting age
Dark Age
Ending age
Imperial Age
RankedLock teamsTeams togetherTeam positionsShared explorationLock speedFull tech treeHidden civsTurbo modeCheats
Victory
Defeat
🇨🇳 Saracens · China
1265
+16
🇷🇺 Burgundians · Russia
1225
+18
🇦🇷 Vietnamese · Argentina
1205
+18
🇺🇸 Maya · United States
1179
+20
🇺🇸 Japanese · United States
1283
-19
🇲🇽 Koreans · Mexico
1280
-18
🇺🇸 Tatars · United States
1253
-18
🇨🇦 Maya · Canada
1226
-17
Ux'BorealTulip
9:18 Feudal Age
12:23 Horse Collar
12:37 Double-Bit Axe
15:17 Loom
17:13 Stone Mining
21:49 Castle Age
20:35 Forging
21:03 Fletching
21:10 Gold Mining
23:21 Gold Shaft Mining
23:37 Bodkin Arrow
24:57 Bow Saw
27:26 Clinker Construction
28:21 Ballistics
29:16 Careening
29:46 Wheelbarrow
29:51 Town Watch
30:24 Fishing Lines
32:42 Gillnets
33:59 Stone Shaft Mining
37:32 Imperial Age
35:00 Treadmill Crane
35:39 Masonry
36:31 Murder Holes
37:02 Husbandry
38:27 Hand Cart
39:45 Chemistry
38:47 Bracer
38:42 Elite War Wagon
39:43 Conscription
39:42 Thumb Ring
41:48 Elite Cannon Galleon
44:47 Two-Man Saw
45:01 Siege Engineers
45:27 Architecture
44:47 Elite Turtle Ship
52:09 Carvel Hull
52:13 Dry Dock
52:15 Shipwright
53:27 Elite Fire Lancer
54:08 Squires
53:54 Arson
54:10 Scale Mail Armor
54:47 Iron Casting
55:06 Medium Warships
55:06 Siphons
54:48 Arrowslits
56:31 Chain Mail Armor
56:45 Heavy Warships
57:18 Incendiaries
59:10 Plate Mail Armor
58:54 Eupseong
59:15 Shinkichon
59:05 Heated Shot
59:27 Pikeman
60:07 Halberdier
Mytolic
0:41 Loom
IPwnAllNoobs
0:31 Loom
9:55 Feudal Age
14:14 Castle Age
12:59 Double-Bit Axe
16:06 Horse Collar
20:21 Wheelbarrow
20:00 Bow Saw
23:36 Stone Mining
24:10 Heavy Plow
24:04 Gold Mining
28:45 Stone Shaft Mining
29:11 Fletching
29:21 Padded Archer Armor
33:16 Imperial Age
30:54 Bodkin Arrow
31:19 Thumb Ring
31:59 Hand Cart
32:48 Ballistics
33:01 Leather Archer Armor
32:51 Scale Mail Armor
34:38 Conscription
33:40 Elite Plumed Archer
35:23 Chemistry
34:27 Bracer
35:20 Ring Archer Armor
34:58 Town Watch
37:18 Eagle Warrior
38:16 Chain Mail Armor
38:11 Forging
38:25 Masonry
37:56 Treadmill Crane
42:22 Holcans
42:30 Iron Casting
42:26 Plate Mail Armor
42:41 Elite Eagle Warrior
43:22 Squires
43:08 Arson
44:48 Blast Furnace
53:53 Pikeman
55:34 Halberdier
60:00 Architecture
61:26 Coinage
62:19 Capped Ram
63:36 Siege Ram
DodgeViper97410
6:53 Loom
9:17 Feudal Age
9:46 Double-Bit Axe
14:59 Castle Age
14:26 Horse Collar
16:01 Bow Saw
21:53 Wheelbarrow
23:34 Scale Mail Armor
24:20 Forging
26:18 Chain Mail Armor
26:45 Iron Casting
26:16 Arson
27:27 Squires
29:05 Hand Cart
30:00 Heavy Plow
30:14 Fletching
33:41 Imperial Age
31:59 Bodkin Arrow
33:07 Pikeman
35:00 Plate Mail Armor
35:31 Blast Furnace
33:53 Elite Samurai
34:11 Halberdier
34:55 Bracer
35:24 Conscription
41:32 Two-Man Saw
45:06 Scale Barding Armor
45:30 Husbandry
45:41 Bloodlines
44:54 Light Cavalry
47:12 Chain Barding Armor
46:35 Cavalier
niquito0912
8:13 Loom
10:24 Feudal Age
14:07 Double-Bit Axe
18:08 Castle Age
16:26 Fletching
19:19 Medium Warships
24:27 Gold Mining
24:27 Stone Mining
26:37 Bodkin Arrow
26:42 Padded Archer Armor
27:05 Crossbowman
33:20 Imperial Age
32:26 Wheelbarrow
33:35 Hand Cart
33:05 Town Watch
33:31 Padded Archer Armor
33:54 Ballistics
33:47 Town Patrol
33:26 Arbalester
34:31 Bracer
34:46 Leather Archer Armor
34:57 Thumb Ring
36:00 Chemistry
35:31 Bow Saw
41:21 Two-Man Saw
40:46 Paper Money
41:11 Horse Collar
42:24 Stone Mining
44:07 Chatras
43:30 Capped Ram
44:12 Heavy Plow
44:52 Stone Shaft Mining
44:52 Ring Archer Armor
44:32 Forging
44:28 Scale Barding Armor
44:46 Bombard Tower
44:07 Treadmill Crane
44:32 Siege Engineers
45:08 Clinker Construction
45:11 Careening
47:37 Iron Casting
47:38 Elite Battle Elephant
48:28 Bloodlines
48:18 Husbandry
48:45 Chain Barding Armor
49:05 Heavy Warships
48:01 Demolition Ship
48:02 Elite Cannon Galleon
50:25 Plate Barding Armor
52:11 Heavy Demolition Ship
58:52 Crop Rotation
62:18 Dry Dock
62:18 Carvel Hull
69:33 Light Cavalry
.Hades.
4:31 Loom
10:48 Feudal Age
15:41 Castle Age
13:33 Double-Bit Axe
13:47 Horse Collar
18:44 Bow Saw
20:02 Heavy Plow
23:41 Gold Mining
29:12 Wheelbarrow
28:23 Town Watch
31:13 Imperial Age
29:05 Fletching
29:16 Padded Archer Armor
30:23 Hand Cart
31:00 Bodkin Arrow
31:20 Leather Archer Armor
31:32 Eagle Warrior
32:12 Squires
31:58 Arson
32:14 Scale Mail Armor
32:26 Forging
32:16 Bracer
32:43 Ballistics
33:23 Chemistry
32:26 Elite Eagle Warrior
33:38 Ring Archer Armor
33:43 Conscription
33:54 Holcans
34:38 Chain Mail Armor
34:59 Iron Casting
39:13 Plate Mail Armor
39:44 Blast Furnace
45:09 Crop Rotation
49:29 Elite Plumed Archer
ZamSerg
4:26 Double-Bit Axe
7:20 Loom
9:27 Feudal Age
12:08 Bow Saw
12:33 Horse Collar
13:49 Wheelbarrow
14:14 Heavy Plow
14:28 Gold Mining
15:21 Town Watch
19:38 Castle Age
20:11 Gold Shaft Mining
20:23 Hand Cart
21:48 Two-Man Saw
21:59 Medium Warships
21:23 Cavalier
29:55 Fletching
30:11 Scale Barding Armor
30:17 Forging
30:41 Stone Mining
36:44 Imperial Age
35:01 Treadmill Crane
35:42 Ballistics
35:18 Murder Holes
35:33 Masonry
36:16 Stone Shaft Mining
37:29 Burgundian Vineyards
37:08 Paladin
37:48 Husbandry
39:12 Chain Barding Armor
39:27 Iron Casting
40:34 Chemistry
39:35 Bodkin Arrow
41:09 Bracer
41:45 Plate Barding Armor
41:46 Iron Casting
43:23 Padded Archer Armor
46:34 Careening
46:35 Clinker Construction
46:56 Architecture
47:08 Iron Casting
46:49 Leather Archer Armor
47:26 Heavy Warships
46:23 Demolition Ship
49:02 Conscription
49:36 Elite Cannon Galleon
62:28 Bombard Tower
63:13 Blast Furnace
61:36 Light Cavalry
62:58 Hussar
76561199165497481
Connection lost

Rejoining the realm…

Still unreachable

The connection could not be restored.

Session expired

The server has moved on; the page needs a fresh start.